 Dungeon Crawl Stone Soup version 0.30-a0-924-g0ad0bf95bc (webtiles) character file.

Game seed: 13475365244171935336

11789 Dirian the Carver (level 11, -6/100 HPs)
             Began as a Minotaur Fighter on Mar 22, 2023.
             Was an Elder of Makhleb.
             Killed by vampiric draining
             ... invoked by a vampire
              (17 damage)
             ... on level 9 of the Dungeon.
             The game lasted 00:30:07 (8784 turns).

Dirian the Carver (Minotaur Fighter)                Turns: 8784, Time: 00:30:07

Health: -6/100     AC: 20    Str: 22    XL:     11   Next: 53%
Magic:  14/14      EV:  8    Int:  9    God:    Makhleb [****..]
Gold:   354        SH:  7    Dex: 13    Spells: 10/10 levels left

rFire   + . .      SeeInvis .    a - +1 scimitar
rCold   . . .      Faith    .    c - +1 buckler
rNeg    . . .      Spirit   .    m - +0 chain mail
rPois   .          Reflect  .    (helmet restricted)
rElec   .          Rampage  .    z - +0 cloak
rCorr   .                        f - +0 pair of gloves of Charity {Int+4}
Will    .....                    o - +0 pair of boots Stlth
                                 (no amulet)
HPRegen 0.36/turn                h - +4 ring of protection
MPRegen 0.14/turn                y - ring of the Cuttlefish {Wiz +Blink rF+}

@: no status effects
A: horns 2, retaliatory headbutt
a: Renounce Religion, Evoke Blink, Minor Destruction, Lesser Servant of Makhleb,
Major Destruction


You were on level 9 of the Dungeon.
You worshipped Makhleb.
Makhleb was greatly pleased with you.
You visited 2 branches of the dungeon, and saw 10 of its levels.
You also visited: Sewer.

You collected 558 gold pieces.
You spent 204 gold pieces at shops.

Inventory:

Hand Weapons
 a - a +1 scimitar (weapon)
 b - a +2 flail of draining
Missiles
 v - 7 boomerangs (quivered)
 B - 2 throwing nets
Armour
 c - a +1 buckler (worn)
 f - the +0 pair of gloves of Charity (worn) {Int+4}
   (You found it on level 5 of the Dungeon)

   Int:       It affects your intelligence (+4).
 m - a +0 chain mail (worn)
 o - a +0 pair of boots (worn)
 z - a +0 cloak (worn)
Jewellery
 h - a +4 ring of protection (left hand)
 u - a ring of see invisible
 x - a ring of positive energy
 y - the ring of the Cuttlefish (right hand) {Wiz +Blink rF+}
   (You found it on level 7 of the Dungeon)

   [ring of wizardry]

   It improves your spell success rate.
   rF:        It protects you from fire.
   +Blink:    It lets you blink.
Wands
 p - a wand of polymorph (15)
 A - a wand of mindburst (13)
 C - a wand of iceblast (7)
Scrolls
 i - 3 scrolls of fear
 j - a scroll of poison
 t - 5 scrolls of teleportation
Potions
 d - a potion of might
 e - 2 potions of ambrosia
 k - 4 potions of attraction
 l - 3 potions of flight
 n - a potion of mutation {unknown}
 q - 3 potions of curing
 s - a potion of cancellation {unknown}
 w - 2 potions of heal wounds


   Skills:
 + Level 10.2 Fighting
 + Level 13.7 Long Blades
 + Level 11.1 Armour
 + Level 8.4 Shields
 * Level 5.7 Invocations
 + Level 0.1 Evocations


You had 10 spell levels left.
You didn't know any spells.
Your spell library contained the following spells:

 Spells                   Type           Power      Damage    Failure   Level
 Freeze                   Ice            0%         1d3       71%         1
 Slow                     Hex            0%         N/A       71%         1
 Cigotuvi's Dreadful Rot  Necr/Pois/Air  0%         N/A       83%         2
 Confusing Touch          Hex            0%         N/A       96%         3
 Frozen Ramparts          Ice            0%         1d1       96%         3
 Hailstorm                Conj/Ice       0%         3d3       96%         3
 Summon Guardian Golem    Hex/Summ       0%         N/A       96%         3
 Vampiric Draining        Necr           0%         2d6       96%         3
 Airstrike                Air            0%         2d(0-16)  100%        4
 Dispel Undead            Necr           0%         3d6       100%        4
 Summon Lightning Spire   Summ/Air       0%         N/A       100%        4
 Plasma Beam              Fire/Air       0%         2x1d11    100%        5
 Death Channel            Necr           0%         N/A       100%        6
 Orb of Destruction       Conj           0%         9d5       100%        7
 Spellforged Servitor     Conj/Summ      0%         N/A       100%        7


Dungeon Overview and Level Annotations

Branches:
Dungeon (9/15) Zot: 26412  Temple (1/1) D:4 Zot: 5905   Sewer (visited)
   Lair: D:8-11         Orc: D:9-12

Altars:
Ashenzari
Cheibriados
Elyvilon
Fedhas
Hepliaklqana
Kikubaaqudgha
Makhleb
Nemelex Xobeh
Okawaru
Qazlal
Ru
Sif Muna
Trog
Uskayaw
Vehumet
Wu Jian
Xom
Yredelemnul
The Shining One

Shops:
D:3 ?   D:4 :(?[   D:7 (

Annotations:
D:3 1 runed translucent door, Crazy Yiuf
D:5 3 runed translucent doors, Sermion's ghost, novice DsBe


Innate Abilities, Weirdness & Mutations

You have a pair of horns on your head.
You reflexively headbutt those who attack you in melee.


Message History

Something hits you but does no damage. Something bites you but does no damage.
You feel less confused. Something hits you.
Something bites you but does no damage.
You slash something! Your headbutt misses something. Something hits you!
Something bites you but does no damage.
You hit something but do no damage. Something hits you but does no damage.
Something bites you.
Something draws strength from your injuries!
You hit something but do no damage. You hit something.
Something draws life force from you!
You hit something. Something hits you. Something bites you but does no damage.
Aiming: Minor Destruction (1% risk of failure)
Press: ? - help, Shift-Dir - straight line The zap hits something.
Something hits you! Something bites you but does no damage.
Aiming: Minor Destruction (1% risk of failure)
Press: ? - help, Shift-Dir - straight line The zap hits something.
Something hits you but does no damage. Something bites you but does no damage.
Aiming: Minor Destruction (1% risk of failure)
Press: ? - help, Shift-Dir - straight line The puff of flame hits something but does no damage.
Something hits you but does no damage. Something bites you but does no damage.
Aiming: Minor Destruction (1% risk of failure)
Press: ? - help, Shift-Dir - straight line The zap hits something but does no damage.
Something draws life force from you!
* * * LOW HITPOINT WARNING * * *
Aiming: Minor Destruction (1% risk of failure)
Press: ? - help, Shift-Dir - straight line The puff of flame hits something.
Something hits you but does no damage. Something bites you but does no damage.
Aiming: Minor Destruction (1% risk of failure)
Press: ? - help, Shift-Dir - straight line The stone arrow hits something!
Something draws life force from you!
* * * LOW HITPOINT WARNING * * *
Aiming: Minor Destruction (1% risk of failure)
Press: ? - help, Shift-Dir - straight line The zap hits something.
Something draws life force from you!
You die...

#............# #".# #.#
#..†.........# #..#####.#
#.[..........# #........#
#............####...†....#
#............>......###...
#...................# #...
#...................# #...
#...................# #...
#........@3..<....>.# #...
#.........{.........# #.[.
#..............<....# #...
##########..........# #...
#..........# #...
#..........# #...
#.........c# #...
#...)......# #...
#......T...# #...


You could see a friendly neqoxec (summoned).

Vanquished Creatures
  A boulder beetle (D:7)
  2 two-headed ogres (D:7)
  Pikel (D:4)
  Joseph (D:8)
  A kobold demonologist (D:7)
  An unseen horror (D:7)
  5 trolls
  A hornet (D:9)
  Grinder (D:3)
  Prince Ribbit (D:7)
  Sigmund (D:3)
  2 shadows
  A wraith (D:9)
  5 yaks
  A vampire (D:6)
  A human (D:8)
  3 wyverns
  A steam dragon (D:7)
  Edmund (D:5)
  A vampire mosquito (D:7)
  3 water moccasins
  An acid dragon (D:7)
  2 orc warriors
  3 sky beasts
  2 ice beasts
  4 ogres
  A phantom (D:6)
  5 centaurs
  A tengu (D:8)
  A lemure (D:4)
  A kobold brigand (D:9)
  5 bullfrogs
  4 scorpions
  4 wights (D:6)
  4 killer bees (D:7)
  4 howler monkeys
  6 orc priests
  4 hounds
  A jelly (D:7)
  2 gnoll boudas
  6 iguanas
  A sleepcap (D:6)
  Terence (D:3)
  9 orc wizards
  Robin (D:3)
  8 gnolls
  5 river rats (Sewer)
  14 adders
  3 shadow imps
  5 white imps
  3 ufetubi
  2 worms
  3 dart slugs
  31 orcs
  14 ball pythons
  7 endoplasms
  3 giant cockroaches
  13 goblins
  6 hobgoblins
  4 jackals (D:5)
  5 kobolds
  A quokka (D:5)
  3 bats
  10 frilled lizards
  14 rats
262 creatures vanquished.

Vanquished Creatures (collateral kills)
  An ugly thing (D:9)
1 creature vanquished.

Vanquished Creatures (others)
  13 fungi (D:7)
  12 plants (D:6)
25 creatures vanquished.

Grand Total: 288 creatures vanquished

Notes
Turn   | Place    | Note
-------+----------+-------------------------------------------
     0 | D:1      | Dirian the Minotaur Fighter began the quest for the Orb.
     0 | D:1      | Reached XP level 1. HP: 19/19 MP: 0/0
   128 | D:1      | Reached XP level 2. HP: 27/27 MP: 1/1
   737 | D:2      | Reached XP level 3. HP: 33/33 MP: 2/2
  1104 | D:3      | Found a sacrificial altar of Ru.
  1133 | D:3      | Reached skill level 3 in Long Blades
  1242 | D:3      | Noticed Grinder
  1254 | D:3      | Reached XP level 4. HP: 41/41 MP: 3/3
  1287 | D:3      | Paralysed by Grinder for 4 turns
  1297 | D:3      | Killed Grinder
  1298 | D:3      | Reached skill level 5 in Fighting
  1298 | D:3      | Reached skill level 4 in Long Blades
  1298 | D:3      | Reached skill level 5 in Armour
  1298 | D:3      | Reached XP level 5. HP: 22/48 MP: 4/4
  1298 | D:3      | Reached XP level 6. HP: 26/56 MP: 5/5
  1314 | D:3      | Noticed Robin
  1325 | D:3      | Killed Robin
  1436 | D:3      | Found an ornate altar of the Wu Jian Council.
  1448 | D:3      | Noticed Sigmund
  1506 | D:3      | Killed Sigmund
  1507 | D:3      | Reached skill level 5 in Long Blades
  1507 | D:3      | Reached skill level 5 in Shields
  1611 | D:3      | Reached skill level 6 in Long Blades
  1611 | D:3      | Reached XP level 7. HP: 24/61 MP: 6/6
  1885 | D:3      | Found Nunintuf's Magic Scroll Shop.
  1931 | D:3      | Found a runed translucent door.
  1932 | D:3      | Noticed Crazy Yiuf
  1963 | D:3      | Noticed Terence
  1969 | D:3      | Killed Terence
  2082 | D:3      | Bought a scroll of blinking for 90 gold pieces
  2082 | D:3      | Bought a scroll of identify for 24 gold pieces
  2380 | D:4      | Found Yffodgh's Antique Weapon Emporium.
  2414 | D:4      | Noticed Pikel
  2433 | D:4      | Killed Pikel
  2434 | D:4      | Reached skill level 7 in Long Blades
  2434 | D:4      | Reached XP level 8. HP: 42/70 MP: 7/7
  2585 | D:4      | Reached skill level 8 in Long Blades
  2587 | D:4      | Identified the +5 dagger of the Ageing Gods {freeze, rElec}
  2653 | D:4      | Found a staircase to the Ecumenical Temple.
  2664 | Temple   | Entered the Ecumenical Temple
  2750 | Temple   | Became a worshipper of Makhleb the Destroyer
  2806 | D:4      | Found Zoesuubbo's Magic Scroll Boutique.
  2816 | D:4      | Bought a scroll of enchant weapon for 90 gold pieces
  2824 | D:4      | Found a hazy altar of Hepliaklqana.
  2899 | D:4      | Found Tadokh's Antique Armour Emporium.
  3067 | D:4      | Found Viqiffabb's Book Emporium.
  3169 | D:5      | Entered Level 5 of the Dungeon
  3171 | D:5      | Found an iron altar of Okawaru.
  3223 | D:5      | Reached skill level 9 in Long Blades
  3273 | D:5      | Reached * piety under Makhleb
  3282 | D:5      | Found a glowing drain.
  3317 | Sewer    | Entered a sewer
  3744 | D:5      | Reached ** piety under Makhleb
  3923 | D:5      | Reached XP level 9. HP: 79/79 MP: 8/8
  3987 | D:5      | Identified the +0 pair of gloves of Charity {Int+4}
  3995 | D:5      | Noticed a +0 short sword
  3995 | D:5      | Noticed a +0 falchion
  3996 | D:5      | Noticed a +0 dagger
  4000 | D:5      | Noticed a +0 dagger
  4000 | D:5      | Noticed a +0 spear
  4017 | D:5      | Noticed a +0 spear
  4017 | D:5      | Noticed a +0 falchion
  4017 | D:5      | Noticed a +0 short sword
  4032 | D:5      | Found a hide-covered altar of Uskayaw.
  4040 | D:5      | Noticed Edmund
  4065 | D:5      | Killed Edmund
  4066 | D:5      | Reached skill level 10 in Long Blades
  4271 | D:5      | Found a runed translucent gate.
  4271 | D:5      | Found a runed translucent gate.
  4271 | D:5      | Found a runed translucent gate.
  4272 | D:5      | Noticed Sermion's ghost (novice DsBe)
  4600 | D:6      | Noticed a troll
  4698 | D:6      | Killed a troll
  4845 | D:6      | Reached skill level 1 in Invocations
  4901 | D:6      | Reached skill level 11 in Long Blades
  5018 | D:6      | You fall into a shaft and drop 2 floors!
  5019 | D:8      | Noticed Maurice
  5020 | D:8      | Maurice changed into Maurice the tengu
  5020 | D:8      | Noticed Maurice
  5025 | D:8      | Killed Maurice the tengu
  5027 | D:8      | Noticed Prince Ribbit
  5416 | D:6      | HP: 3/81 [something (6)]
  5433 | D:6      | HP: 4/81 [something (2)]
  5683 | D:7      | Reached XP level 10. HP: 74/88 MP: 10/10
  5785 | D:7      | Noticed a two-headed ogre
  5785 | D:7      | Noticed a two-headed ogre
  5786 | D:7      | Noticed a boulder beetle
  5803 | D:7      | Killed a two-headed ogre
  5817 | D:7      | Killed a boulder beetle
  5817 | D:7      | Reached *** piety under Makhleb
  5818 | D:7      | Reached skill level 12 in Long Blades
  5818 | D:7      | Reached skill level 10 in Armour
  6068 | D:7      | Identified the ring of the Cuttlefish {Wiz +Blink rF+}
  6122 | D:7      | Found a sparkling altar of Nemelex Xobeh.
  6221 | D:7      | Found a stormy altar of Qazlal.
  6386 | D:7      | Killed a two-headed ogre
  6552 | D:7      | Reached skill level 13 in Long Blades
  6552 | D:7      | Reached XP level 11. HP: 26/97 MP: 13/13
  6785 | D:7      | Found Bemmon's Antique Weapon Boutique.
  7398 | D:7      | Killed Prince Ribbit
  7701 | D:8      | Reached **** piety under Makhleb
  7862 | D:8      | Reached skill level 5 in Invocations
  7958 | D:8      | Noticed Joseph
  7959 | D:8      | Found a runed translucent door.
  7973 | D:8      | Killed Joseph
  7976 | D:8      | Found a basalt altar of Yredelemnul.
  8169 | D:8      | Upgraded the game from 0.30-a0-920-g7493c07aab to
                  | 0.30-a0-924-g0ad0bf95bc
  8231 | D:9      | Found a bloodstained altar of Trog.
  8326 | D:9      | Reached skill level 10 in Fighting
  8523 | D:9      | Noticed a boulder beetle
  8647 | D:9      | Noticed a white ugly thing
  8705 | D:9      | Identified the staff of cold "Esmymyad" {rC+ MP-9 Dex+7}
  8757 | D:9      | Killed a white ugly thing
  8784 | D:9      | Killed from afar by a vampire

Illustrated notes

Levels and vault maps discovered:
D:1:      roderic_dead_forest, layout_loops_ring
D:2:      layout_rooms, minmay_hedge_maze
D:3:      layout_basic, mainiacjoe_overflow_small_starburst,
          nicolae_overflow_crystal_walls, serial_shops, shop, uniq_robin,
          uniq_sigmund, uniq_grinder, uniq_terence, uniq_crazy_yiuf_cottage
D:4:      layout_basic, mainiacjoe_overflow_alcove_1, minmay_temple_entry_waves,
          serial_shops, shop, nicolae_lakefront_shop, shop,
          nicolae_lakefront_shop, minmay_crossroads, uniq_pikel
D:5:      layout_rooms, okawaru_metal_pillars_1_2, nicolae_uskayaw_en_pointe,
          gammafunk_ghost_necromancy, portal_sewer_entry_b, uniq_edmund
D:6:      layout_layer_cave, dk_noncrumbling_4, grunt_ministairs_7,
          chequers_big_river, minmay_misc_feat_more_columns, chequers_avenue,
          kb_rosetta
D:7:      minmay_the_grid_octo_tiled_octocenter [minmay_the_grid_octo_teeth,
          minmay_the_grid_octo_checkered, minmay_the_grid_octo_pinwheel,
          minmay_the_grid_octo_tetromino_candy,
          minmay_the_grid_octo_prize_square_snowflake,
          minmay_the_grid_square_5x5_one_wall, minmay_the_grid_square_5x5_seven,
          minmay_the_grid_square_5x5_sharp_hourglass,
          minmay_the_grid_square_5x5_inner_z], layout_rooms,
          mainiacjoe_overflow_catch_the_wave, serial_shops, shop,
          minmay_increasing_density
D:8:      layout_loops_ring, dk_yredelemnul_ordeal, uniq_maurice,
          uniq_prince_ribbit1, uniq_joseph
D:9:      layout_long_grid, mainiacjoe_overflow_chevrons, minmay_checkerbox
Temple:   eino_temple_lava

Skill      XL: |  1  2  3  4  5  6  7  8  9 10 11 |
---------------+----------------------------------+-----
Shields        | 4 5 6 7 8 |  8.4
Fighting       | 4 5 6 7 8 9 10 | 10.2
Armour         | 4 5 6 7 9 10 11 | 11.1
Long Blades    | 3 4 6 7 9 11 13 | 13.7
Invocations    | 2 4 5 |  5.7
Evocations     | |  0.1

Action                     |  1- 3 |  4- 6 |  7- 9 | 10-12 || total
---------------------------+-------+-------+-------+-------++-------
  Melee: Long sword        |    88 |    49 |   327 |       ||   464
         Headbutt          |    16 |     8 |    83 |    89 ||   196
         Scimitar          |       |       |    99 |   391 ||   490
 Invoke: Minor Destruction |       |       |     5 |    10 ||    15
         Lesser Servant of |       |       |       |     2 ||     2
  Evoke: Wand              |       |       |     2 |       ||     2
    Use: Potion            |       |     1 |     5 |     1 ||     7
         Scroll            |       |       |    14 |     5 ||    19
   Stab: Distracted        |       |       |       |     1 ||     1
 Armour: Scale mail        |    32 |    22 |   155 |       ||   209
         Chain mail        |       |       |    89 |   187 ||   276
  Dodge: Dodged            |    42 |    15 |   162 |   112 ||   331
  Block: Buckler           |    16 |     7 |    81 |   116 ||   220

Table legend: (Time is in decaauts)
 A = Elapsed time spent in this place.
 B = Non-inter-level travel time spent in this place.
 C = Inter-level travel time spent in this place.
 D = Time resting spent in this place.
 E = Time spent auto-exploring this place.
 F = Levels seen in this place.
 G = Mean time per level.
                   A        B        C        D        E       F      G
               +--------+--------+--------+--------+--------+-----+--------+
         Total |   8766 |   8351 |    415 |    365 |   5015 |  11 |  796.9 |
       Dungeon |   8277 |   7869 |    408 |    365 |   4747 |   9 |  919.7 |
        Temple |     94 |     87 |      7 |      0 |     69 |   1 |   94.0 |
         Sewer |    394 |    394 |      0 |      0 |    198 |   1 |  394.0 |
               +--------+--------+--------+--------+--------+-----+--------+

Top non-repeatable levels by time:
     D:7: 1555 daAuts
     D:6: 1405 daAuts
     D:3: 1195 daAuts
     D:4: 865 daAuts
     D:5: 828 daAuts
     D:8: 770 daAuts
     D:1: 729 daAuts
     D:9: 563 daAuts
   Sewer: 394 daAuts
     D:2: 363 daAuts
  Temple: 94 daAuts
